 Dungeon Crawl Stone Soup version 0.28-a0-46-g7b1be97da7 (webtiles) character file.

Game seed: 11794435986200917739

18 HAL9000 the Sneak (level 2, -4/15 HPs)
             Began as a Vine Stalker Brigand on July 29, 2021.
             Slain by a hobgoblin (14 damage)
             ... on level 1 of the Dungeon.
             The game lasted 00:00:22 (276 turns).

HAL9000 the Sneak (Vine Stalker Brigand)             Turns: 276, Time: 00:00:23

Health: -4/15      AC:  3    Str: 13    XL:     2   Next: 66%
Magic:  0/3        EV: 11    Int: 11    God:
Gold:   0          SH:  0    Dex: 15    Spells: 1/1 levels left

rFire   . . .      SeeInvis .   f - +2 dagger (elec)
rCold   . . .      Faith    .   (no shield)
rNeg    . . .      Spirit   +   b - +0 robe
rPois   .          Reflect  .   (no helmet)
rElec   .          Harm     .   c - +0 cloak
rCorr   .          Rampage  .   (no gloves)
Will    .....                   (no boots)
Stlth   +++.......              (no amulet)
HPRegen 0.05/turn               (no ring)
MPRegen 0.08/turn               (no ring)

@: no status effects
A: fangs 2, magic shield, antimagic bite, no potion heal 2
a: no special abilities


You were on level 1 of the Dungeon.
You visited 1 branch of the dungeon, and saw 1 of its levels.

Inventory:

Hand Weapons
 a - a +2 dagger
 f - a +2 dagger of electrocution (weapon)
Missiles
 d - 8 poisoned darts (quivered)
 e - 2 curare-tipped darts
Armour
 b - a +0 robe (worn)
 c - a +0 cloak (worn)


   Skills:
 - Level 1.7 Fighting
 - Level 1.7 Short Blades
 + Level 2.9 Throwing
 - Level 0.7 Dodging
 - Level 4.8 Stealth


You had one spell level left.
You didn't know any spells.
Your spell library was empty.

Dungeon Overview and Level Annotations

Branches:
Dungeon (1/15)

Altars:


Innate Abilities, Weirdness & Mutations

You have extremely sharp teeth.
When hurt, damage is shared between your health and your magic reserves.
Your bite disrupts and absorbs the magic of your enemies.
Potions cannot restore your health.


Message History

Lightning courses through the hobgoblin!
You kill the hobgoblin!
No target in view!
No target in view!
There is a stone staircase leading down here.
A frilled lizard comes into view.
A frilled lizard is nearby!
A frilled lizard is nearby!
The frilled lizard hisses angrily.
You hit the frilled lizard but do no damage.
Your bite misses the frilled lizard. The frilled lizard barely misses you.
You miss the frilled lizard. Your bite misses the frilled lizard.
The frilled lizard bites you but does no damage.
You hit the frilled lizard.
You kill the frilled lizard!
A rat comes into view.
A rat is nearby!
A rat is nearby!
The rat barely misses you.
You hit the rat but do no damage. The rat barely misses you.
You hit the rat but do no damage. The rat bites you but does no damage.
You hit the rat.
You kill the rat!
No target in view!
No target in view!
A kobold comes into view. It is wielding a +0 whip.
A kobold is nearby!
A hobgoblin comes into view.
It is wielding a +0 hand axe of electrocution.
The helpless kobold fails to defend itself.
You impale the kobold!!
You kill the kobold!
No target in view!
No target in view!
Things that are here:
a +0 whip; 4 stones A hobgoblin is nearby!
The hobgoblin hits you with a +0 hand axe of electrocution.
You are electrocuted!
Ouch! That really hurt!
You die...

#.....# #.....#
#.....# . #.....#
#..#######.....##
................#
.#.##.)....###.#
#.#.##..#####...#
#....@.## #..###
......g.## #.##
....##..# #.# ..#
#..# ##.# . ...#
###..#
###.###...##
#.#.#.###
.###.....#
........##


You could see a hobgoblin.

Vanquished Creatures
  3 goblins (D:1)
  3 hobgoblins (D:1)
  4 jackals (D:1)
  A kobold (D:1)
  A quokka (D:1)
  A frilled lizard (D:1)
  A rat (D:1)
14 creatures vanquished.

Notes
Turn   | Place    | Note
-------+----------+-------------------------------------------
     0 | D:1      | HAL9000 the Vine Stalker Brigand began the quest for the
                  | Orb.
     0 | D:1      | Reached XP level 1. HP: 11/11 MP: 2/2
    35 | D:1      | Reached XP level 2. HP: 10/15 MP: 3/3
   276 | D:1      | Slain by a hobgoblin

Illustrated notes

Levels and vault maps discovered:
D:1:      dpeg_arrival_tiny_f, layout_rooms

Skill      XL: |  1 |
---------------+----+-----
Throwing       | 2 |  2.9
Fighting       | |  1.7
Short Blades   | |  1.7
Dodging        | |  0.7
Stealth        | |  4.8

Action                   || total
-------------------------++-------
Melee: Dagger            ||    42
       Bite              ||     7
 Stab: Sleeping          ||     3
Armor: Robe              ||    11
Dodge: Dodged            ||    23

Table legend: (Time is in decaauts)
 A = Elapsed time spent in this place.
 B = Non-inter-level travel time spent in this place.
 C = Inter-level travel time spent in this place.
 D = Time resting spent in this place.
 E = Time spent auto-exploring this place.
 F = Levels seen in this place.
 G = Mean time per level.
                   A        B        C        D        E       F      G
               +--------+--------+--------+--------+--------+-----+--------+
         Total |    271 |    271 |      0 |      0 |    189 |   1 |  271.0 |
       Dungeon |    271 |    271 |      0 |      0 |    189 |   1 |  271.0 |
               +--------+--------+--------+--------+--------+-----+--------+

Top non-repeatable levels by time:
     D:1: 271 daAuts
